 Dungeon Crawl Stone Soup version 0.21-a0-404-g291f19a (webtiles) character file.

266 Espgualade the Skirmisher (level 6, -1/41 HPs)
             Began as a Tengu Ice Elementalist on Oct 31, 2017.
             Killed by divine providence
             ... invoked by an orc priest
              (10 damage)
             ... on level 4 of the Dungeon.
             The game lasted 00:05:43 (2937 turns).

Espgualade the Skirmisher (Tengu Ice Elementalist)  Turns: 2937, Time: 00:05:44

Health: -1/41      AC:  3    Str: 17    XL:     6   Next: 20%
Magic:  10/10      EV: 13    Int: 17    God:
Gold:   138        SH:  0    Dex: 19    Spells: 3/9 levels left

rFire    . . .     SeeInvis .   m - +1 dagger (venom)
rCold    . . .     Gourm    .   (no shield)
rNeg     . . .     Faith    .   a - +1 robe
rPois    .         Spirit   .   (helmet restricted)
rElec    .         Reflect  .   (no cloak)
rCorr    .         Harm     .   (no gloves)
MR       .....                  (boots unavailable)
Stlth    ++........             (no amulet)
HPRegen  0.13/turn              g - +3 ring of strength
MPRegen  0.12/turn              h - +5 ring of dexterity

@: mighty
A: beak, talons 3, able to fly 1
a: Fly


You were on level 4 of the Dungeon.
You were not hungry.

You visited 1 branch of the dungeon, and saw 4 of its levels.

You collected 138 gold pieces.

Inventory:

Hand Weapons
 m - a +1 dagger of venom (weapon)
Armour
 a - a +1 robe (worn)
Jewellery
 g - a +3 ring of strength (left hand)
 h - a +5 ring of dexterity (right hand)
Scrolls
 e - a scroll of remove curse
 j - a scroll of random uselessness {unknown}
 l - 3 scrolls of identify
 p - a scroll of enchant armour
Potions
 d - a potion of flight
 i - a potion of curing {unknown}
 n - a potion of degeneration {unknown}
 r - a potion of haste {unknown}
Books
 b - a book of Frost

   Spells                             Type                      Level
   a - Freeze                         Ice                          1
   b - Throw Frost                    Conjuration/Ice              2
   c - Ozocubu's Armour               Charms/Ice                   3
   d - Throw Icicle                   Conjuration/Ice              4
   e - Summon Ice Beast               Ice/Summoning                4
Comestibles
 c - 3 bread rations
 f - a royal jelly
 k - 4 meat rations
 s - a chunk of flesh


   Skills:
 + Level 5.9 Fighting
 - Level 2.1 Dodging
 - Level 2.0 Stealth
 - Level 2.0 Spellcasting
 - Level 1.3 Conjurations
 - Level 2.6 Ice Magic


You had 3 spell levels left.
You knew the following spells:

 Your Spells              Type           Power        Failure   Level  Hunger
a - Freeze                Ice            ##..         6%          1    #......
b - Throw Frost           Conj/Ice       #.....       13%         2    ###....
c - Ozocubu's Armour      Chrm/Ice       #.......     32%         3    ###....


Dungeon Overview and Level Annotations

Branches:
Dungeon (4/15)
 Temple: D:4-7

Altars:


Innate Abilities, Weirdness & Mutations

You have a beak for a mouth.
You have claws for feet.
You can fly.


Message History

Press: ? - help, Shift-Dir - straight line, f/p - orc priest
Aim: an orc priest, wielding a hand axe (severely wounded)
You freeze the orc priest.
The orc priest is severely wounded.
The orc priest calls down the wrath of Beogh upon you.
Beogh smites you!
* * * LOW HITPOINT WARNING * * *
It was a potion of magic.
Magic courses through your body.
It was a potion of cancellation.
Your magical effects are unravelling.
You feel magically purged.
You feel a little less clever now.
The orc priest hits you but does no damage.
The orc hits you with a whip.
* * * LOW HITPOINT WARNING * * *
It was a potion of might.
You feel very mighty all of a sudden.
The orc priest calls down the wrath of Beogh upon you.
Beogh smites you!
You die...

###### #..... #.....
#..... #.....
#############.....
#...##............
+....'............
######@..##.......#####
#{.oooo...#.......#
#.####....#.......#
####.#####.....# #.#
#....... #.# #........
#.# #........ #.#
#.....#.# #..


You could see 2 orc priests and 2 orcs.

Vanquished Creatures
  Sigmund (D:4)
  4 adders
  2 worms
  A dart slug (D:2)
  A leopard gecko (D:3)
  5 orcs (D:3)
  4 giant cockroaches
  3 goblins
  7 hobgoblins
  5 jackals
  A quokka (D:3)
  A ball python (D:1)
  8 bats
  5 frilled lizards
  4 kobolds
  5 rats (D:1)
57 creatures vanquished.

Notes
Turn   | Place    | Note
-------+----------+-------------------------------------------
     0 | D:1      | Espgualade the Tengu Ice Elementalist began the quest for the Orb.
     0 | D:1      | Reached XP level 1. HP: 10/10 MP: 4/4
   100 | D:1      | Reached skill level 1 in Fighting
   172 | D:1      | Reached XP level 2. HP: 11/16 MP: 4/6
   252 | D:1      | Reached skill level 2 in Fighting
  1247 | D:1      | Reached XP level 3. HP: 22/22 MP: 7/7
  1503 | D:1      | Learned a level 2 spell: Throw Frost
  1507 | D:1      | Learned a level 3 spell: Ozocubu's Armour
  1552 | D:2      | Reached skill level 3 in Fighting
  2089 | D:2      | Reached XP level 4. HP: 28/28 MP: 8/8
  2438 | D:3      | Reached skill level 4 in Fighting
  2886 | D:4      | Noticed Sigmund
  2889 | D:4      | Killed Sigmund
  2889 | D:4      | Reached skill level 5 in Fighting
  2889 | D:4      | Gained mutation: You can fly. [Tengu growth]
  2889 | D:4      | Reached XP level 5. HP: 23/36 MP: 6/9
  2889 | D:4      | Reached XP level 6. HP: 26/41 MP: 6/10
  2937 | D:4      | Killed from afar by an orc priest

Vault maps used:
D:1:      erik_arrival_cave_to_civilisation
D:4:      okawaru_gym_becter, uniq_robin, uniq_eustachio, uniq_sigmund

Skill      XL: |  1  2  3  4 |
---------------+-------------+-----
Fighting       | 1 2 3 5 |  5.9
Dodging        | |  2.1
Stealth        | |  2.0
Spellcasting   | |  2.0
Conjurations   | |  1.3
Ice Magic      | |  2.6

Action                   |  1- 3 |  4- 6 || total
-------------------------+-------+-------++-------
Melee: Unarmed           |    66 |       ||    66
       Kick              |    22 |    18 ||    40
       Peck              |    14 |     7 ||    21
       Dagger            |    12 |    48 ||    60
 Cast: Freeze            |    23 |     8 ||    31
  Use: Scroll            |       |     6 ||     6
       Potion            |       |     4 ||     4
 Stab: Sleeping          |     6 |     3 ||     9
  Eat: Chunk             |     4 |     3 ||     7
Armor: Robe              |    23 |    10 ||    33
Dodge: Dodged            |    62 |    34 ||    96

Table legend:
 A = Spawn XP
 B = Non-spawn XP
 C = Spawn XP percentage of total XP
 D = Spawn monster count
 E = Non-spawn monster count
 F = Spawn count percentage of total count
 G = Total turns spent on level
                    A         B        C        D         E        F      G
               +---------+---------+-------+---------+---------+-------+---------
         Total |       0 |     380 |   0.0 |       0 |      57 |   0.0 |  2937
               +---------+---------+-------+---------+---------+-------+---------
           D:1 |       0 |      36 |   0.0 |       0 |      23 |   0.0 |  1508
           D:2 |       0 |      54 |   0.0 |       0 |      16 |   0.0 |   750
           D:3 |       0 |      63 |   0.0 |       0 |      17 |   0.0 |   625
           D:4 |       0 |     227 |   0.0 |       0 |       1 |   0.0 |    54
               +---------+---------+-------+---------+---------+-------+---------
